 Dungeon Crawl Stone Soup version 0.28-a0-1435-g82390b3a13 (webtiles) character file.

Game seed: 17227027350325932136

179 Shayle the Grasshopper (level 5, -8/43 HPs)
             Began as a Gnoll Warper on Jan 9, 2022.
             Was an Initiate of Yredelemnul.
             Engulfed by a steam dragon's steam (11 damage)
             ... on level 4 of the Dungeon.
             The game lasted 00:09:14 (4249 turns).

Shayle the Grasshopper (Gnoll Warper)               Turns: 4249, Time: 00:09:15

Health: -8/43      AC:  4    Str: 10    XL:     5   Next: 59%
Magic:  12/12      EV: 13    Int: 14    God:    Yredelemnul [......]
Gold:   154        SH:  0    Dex: 12    Spells: 14/14 levels left

rFire   . . .      SeeInvis .     - Unarmed
rCold   . . .      Faith    .   (no shield)
rNeg    . . .      Spirit   .   a - +0 leather armour
rPois   .          Reflect  .   (no helmet)
rElec   .          Harm     .   (no cloak)
rCorr   .          Rampage  .   i - +0 pair of gloves
Will    .....                   (no boots)
Stlth   +.........              (no amulet)
HPRegen 0.14/turn               (no ring)
MPRegen 0.13/turn               (no ring)

@: mighty
A: fangs 1, strong nose, distributed training
a: Renounce Religion, Recall Undead Harvest


You were on level 4 of the Dungeon.
You worshipped Yredelemnul.
Yredelemnul was noncommittal.
You visited 2 branches of the dungeon, and saw 7 of its levels.

You collected 154 gold pieces.

Inventory:

Missiles
 c - 4 boomerangs of dispersal (quivered)
Armour
 a - a +0 leather armour (worn)
 i - a +0 pair of gloves (worn)
 s - a +0 chain mail
Scrolls
 d - a scroll of silence {unknown}
 f - 4 scrolls of teleportation {unknown}
 g - a scroll of vulnerability {unknown}
 h - 5 scrolls of identify {unknown}
 k - a scroll of fear {unknown}
 n - a scroll of immolation
 r - a scroll of noise {unknown}
Potions
 e - a potion of heal wounds {unknown}
 j - 2 potions of curing
 l - a potion of cancellation
 m - a potion of degeneration {unknown}
 o - a potion of might
 p - a potion of flight {unknown}
 q - a potion of attraction {unknown}


   Skills:
 + Level 4.8 Fighting
 + Level 1.5 Short Blades
 + Level 1.5 Long Blades
 + Level 1.5 Axes
 + Level 1.5 Maces & Flails
 + Level 1.5 Polearms
 + Level 1.5 Staves
 + Level 1.5 Slings
 + Level 1.5 Bows
 + Level 1.5 Crossbows
 + Level 3.0 Throwing
 + Level 3.0 Armour
 + Level 4.8 Dodging
 + Level 1.5 Stealth
 + Level 1.5 Shields
 + Level 4.8 Unarmed Combat
 + Level 5.2 Spellcasting
 + Level 1.2 Conjurations
 + Level 1.2 Hexes
 + Level 1.2 Summonings
 + Level 1.2 Necromancy
 + Level 5.5 Translocations
 + Level 1.2 Transmutations
 + Level 1.2 Fire Magic
 + Level 1.2 Ice Magic
 + Level 1.2 Air Magic
 + Level 1.2 Earth Magic
 + Level 1.2 Poison Magic
 + Level 1.7 Invocations
 + Level 1.5 Evocations


You had 14 spell levels left.
You didn't know any spells.
Your spell library contained the following spells:

 Spells                   Type           Power      Damage    Failure   Level
 Apportation              Tloc           38%        N/A       2%          1
 Blink                    Tloc           38%        N/A       3%          2
 Gell's Gravitas          Tloc           19%        N/A       7%          3
 Lesser Beckoning         Tloc           19%        N/A       7%          3
 Teleport Other           Tloc           19%        N/A       7%          3
 Manifold Assault         Tloc           19%        N/A       54%         5
 Alistair's Intoxication  Tmut/Pois      4%         N/A       98%         5


Dungeon Overview and Level Annotations

Branches:
Dungeon (6/15)             Temple (1/1) D:5

Altars:
Ashenzari
Cheibriados
Dithmenos
Fedhas
Gozag
Hepliaklqana
Kikubaaqudgha
Makhleb
Nemelex Xobeh
Okawaru
Qazlal
Ru
Sif Muna
Trog
Vehumet
Wu Jian
Xom
Yredelemnul
Zin
The Shining One

Shops:
D:1 (

Annotations:
D:4 Edmund


Innate Abilities, Weirdness & Mutations

You have very sharp teeth.
Your uncanny sense of smell can sniff out nearby items.
Your experience applies equally to all skills.


Message History

The black bear bites you!
The black bear claws you but does no damage. x2
There is a stone staircase leading up here.
The ogre closely misses you.
You climb upwards.
The phantom hits you.
The phantom blinks!
You blink.
The phantom closely misses you.
There is a stone staircase leading up here.
The phantom hits you!
The phantom blinks!
You blink.
You stop ascending the stairs.
The ogre barely misses you.
Unknown command.
The phantom hits you.
There is a stone staircase leading up, spattered with blood here.
The phantom closely misses you.
You climb upwards.
Level annotation: Edmund
There is a stone staircase leading down here.
The steam dragon bites you but does no damage.
The steam dragon claws you but does no damage.
Blink to where?
Press: ? - help, Dir - move target
As you read the scroll of blinking, it crumbles to dust.
It was a potion of might.
You feel very mighty all of a sudden.
Throw: 5 boomerangs (disperse)
Press: ? - help, Q - select action, (/) - cycle Shift-Dir - straight line, f - steam dragon
Aim: a steam dragon (60% to hit)
You throw a boomerang of dispersal.
The boomerang of dispersal barely misses the steam dragon.
The steam dragon breathes steam at you. The ball of steam hits you!
* * * LOW HITPOINT WARNING * * *
Unknown command.
Okay, then.
Unknown command.
It was a potion of cancellation.
Your magical effects are unravelling.
You feel magically purged.
You are engulfed in a cloud of scalding steam.
You die...
Your body rises from the dead as a mindless zombie.

.. #...# ##.#. ∆ #. #...#
..... ..#.##...# .....
#.#.##...##.....
#.#......##..... #.
##.#..##.@##.....
#.#......###.##.....
#.#.####...# #>S......
#..§§@§§D..# ##.......
###§####.#W####....### #S
#....D.W.......
######J######.###########
..D.§..D..S.§.#
######.######## #. #. ..


There were no monsters in sight!

Vanquished Creatures
  A bullfrog skeleton (D:6)
  2 hound zombies (D:5)
  5 adders
  6 dart slugs
  An orc (D:3)
  6 ball pythons
  6 endoplasms
  2 giant cockroaches
  6 goblins
  2 hobgoblins
  3 jackals (D:2)
  2 quokkas (D:2)
  6 bats
  4 frilled lizards
  6 kobolds
  4 rats
62 creatures vanquished.

Notes
Turn   | Place    | Note
-------+----------+-------------------------------------------
     0 | D:1      | Shayle the Gnoll Warper began the quest for the Orb.
     0 | D:1      | Reached XP level 1. HP: 20/20 MP: 6/6
   118 | D:1      | Reached XP level 2. HP: 26/26 MP: 7/7
   379 | D:1      | Found Xucoqocw's Weapon Shoppe.
   405 | D:1      | Reached XP level 3. HP: 31/31 MP: 9/9
   422 | D:1      | Reached skill level 5 in Spellcasting
   586 | D:2      | Reached skill level 1 in Invocations
   804 | D:2      | Found a faded altar of an unknown god.
  1075 | D:3      | Reached skill level 1 in Short Blades
  1075 | D:3      | Reached skill level 1 in Long Blades
  1075 | D:3      | Reached skill level 1 in Axes
  1075 | D:3      | Reached skill level 1 in Maces & Flails
  1075 | D:3      | Reached skill level 1 in Polearms
  1075 | D:3      | Reached skill level 1 in Staves
  1075 | D:3      | Reached skill level 1 in Slings
  1075 | D:3      | Reached skill level 1 in Bows
  1075 | D:3      | Reached skill level 1 in Crossbows
  1075 | D:3      | Reached skill level 1 in Stealth
  1075 | D:3      | Reached skill level 1 in Shields
  1075 | D:3      | Reached skill level 1 in Evocations
  1407 | D:2      | Reached XP level 4. HP: 33/38 MP: 11/11
  1835 | D:2      | Reached skill level 1 in Conjurations
  1835 | D:2      | Reached skill level 1 in Hexes
  1835 | D:2      | Reached skill level 1 in Summonings
  1835 | D:2      | Reached skill level 1 in Necromancy
  1835 | D:2      | Reached skill level 1 in Transmutations
  1835 | D:2      | Reached skill level 1 in Fire Magic
  1835 | D:2      | Reached skill level 1 in Ice Magic
  1835 | D:2      | Reached skill level 1 in Air Magic
  1835 | D:2      | Reached skill level 1 in Earth Magic
  1835 | D:2      | Reached skill level 1 in Poison Magic
  3368 | D:4      | Noticed Edmund
  3448 | D:4      | Noticed a steam dragon
  3464 | D:5      | Entered Level 5 of the Dungeon
  3563 | D:5      | Reached XP level 5. HP: 36/43 MP: 12/12
  3611 | D:5      | Found a staircase to the Ecumenical Temple.
  3620 | Temple   | Entered the Ecumenical Temple
  3717 | Temple   | Became a worshipper of Yredelemnul the Dark
  3890 | D:5      | Noticed an ice beast
  3895 | D:6      | Noticed an ogre
  4103 | D:5      | Noticed a phantom
  4159 | D:6      | Noticed a black bear
  4183 | D:6      | Noticed a black bear
  4185 | D:6      | Noticed an ice beast
  4249 | D:4      | Engulfed by a steam dragon's steam

Illustrated notes

Levels and vault maps discovered:
D:1:      dpeg_arrival_solitude, layout_rooms, serial_shops, shop
D:2:      layout_basic, hellmonk_ecumenical_altar_blasted
D:3:      layout_loops_corners
D:4:      layout_basic, uniq_edmund
D:5:      layout_basic, nicolae_overflow_hidden_temple,
          minmay_temple_entry_crystal_x
D:6:      layout_loops_ring, serial_park_tiny_1
Temple:   regret_index_temple_sigil_plot

Skill      XL: |  1  2  3  4  5 |
---------------+----------------+-----
Spellcasting   | 5 |  5.2
Invocations    | 1 |  1.7
Short Blades   | 1 |  1.5
Long Blades    | 1 |  1.5
Axes           | 1 |  1.5
Maces & Flails | 1 |  1.5
Polearms       | 1 |  1.5
Staves         | 1 |  1.5
Slings         | 1 |  1.5
Bows           | 1 |  1.5
Crossbows      | 1 |  1.5
Stealth        | 1 |  1.5
Shields        | 1 |  1.5
Evocations     | 1 |  1.5
Conjurations   | 1 |  1.2
Hexes          | 1 |  1.2
Summonings     | 1 |  1.2
Necromancy     | 1 |  1.2
Transmutations | 1 |  1.2
Fire Magic     | 1 |  1.2
Ice Magic      | 1 |  1.2
Air Magic      | 1 |  1.2
Earth Magic    | 1 |  1.2
Poison Magic   | 1 |  1.2
Throwing       | 3 |  3.0
Armour         | 3 |  3.0
Fighting       | |  4.8
Dodging        | |  4.8
Unarmed Combat | |  4.8
Translocations | |  5.5

Action                   |  1- 3 |  4- 6 || total
-------------------------+-------+-------++-------
Melee: Unarmed           |   120 |    99 ||   219
       Bite              |    11 |    13 ||    24
       Punch             |     2 |     7 ||     9
Throw: Boomerang         |       |     1 ||     1
  Use: Scroll            |       |     3 ||     3
       Potion            |       |     3 ||     3
 Stab: Sleeping          |     1 |       ||     1
Armor: Leather armour    |    32 |    25 ||    57
Dodge: Dodged            |    83 |    63 ||   146

Table legend: (Time is in decaauts)
 A = Elapsed time spent in this place.
 B = Non-inter-level travel time spent in this place.
 C = Inter-level travel time spent in this place.
 D = Time resting spent in this place.
 E = Time spent auto-exploring this place.
 F = Levels seen in this place.
 G = Mean time per level.
                   A        B        C        D        E       F      G
               +--------+--------+--------+--------+--------+-----+--------+
         Total |   4232 |   4140 |     92 |    362 |   2690 |   7 |  604.6 |
       Dungeon |   4123 |   4042 |     81 |    362 |   2618 |   6 |  687.2 |
        Temple |    108 |     97 |     11 |      0 |     72 |   1 |  108.0 |
               +--------+--------+--------+--------+--------+-----+--------+

Top non-repeatable levels by time:
     D:3: 1505 daAuts
     D:2: 1214 daAuts
     D:1: 572 daAuts
     D:5: 416 daAuts
     D:6: 247 daAuts
     D:4: 168 daAuts
  Temple: 108 daAuts
